 Dungeon Crawl Stone Soup version 0.23.2 (webtiles) character file.

Game seed: 3559565393448620996

103 Borgoz the Cutter (level 4, -1/27 HPs)
             Began as a Gargoyle Gladiator on Apr 8, 2019.
             Slain by a gnoll
             ... wielding a +0 halberd
              (11 damage)
             ... on level 2 of the Dungeon.
             The game lasted 00:03:05 (1414 turns).

Borgoz the Cutter (Gargoyle Gladiator)              Turns: 1414, Time: 00:03:05

Health: -1/27      AC:  9    Str: 18    XL:     4   Next: 79%
Magic:  4/4        EV: 12    Int:  8    God:
Gold:   37         SH:  0    Dex: 12    Spells: 3/3 levels left

rFire    . . .     SeeInvis .   a - +2 dagger (speed)
rCold    . . .     Gourm    .   (no shield)
rNeg     + . .     Faith    .   h - +0 leather armour
rPois    ∞         Spirit   .   l - +2 helmet
rElec    +         Reflect  .   (no cloak)
rCorr    .         Harm     .   (no gloves)
MR       .....                  (no boots)
Stlth    +.........             (no amulet)
HPRegen  0.09/turn              (no ring)
MPRegen  0.09/turn              (no ring)

@: no status effects
A: negative energy resistance 1, electricity resistance, unbreathing,
petrification resistance, rot immunity, AC +3
a: no special abilities


You were on level 2 of the Dungeon.
You were hungry.

You visited 1 branch of the dungeon, and saw 2 of its levels.

You collected 37 gold pieces.

Inventory:

Hand Weapons
 a - a +2 dagger of speed (weapon)
 b - a +2 dagger of holy wrath
 m - a +0 rapier
Missiles
 d - 3 throwing nets (quivered)
Armour
 h - a +0 leather armour (worn)
 l - a +2 helmet (worn)
Scrolls
 c - a scroll of enchant armour {unknown}
 e - 2 scrolls of identify {unknown}
 g - a scroll of teleportation {unknown}
 i - 2 scrolls of fear {unknown}
 j - 2 scrolls of remove curse {unknown}
Comestibles
 f - 2 rations


   Skills:
 + Level 2.8 Fighting
 * Level 3.5 Short Blades
 - Level 1.7 Throwing
 + Level 1.3 Armour
 * Level 3.0 Dodging
 + Level 1.5 Stealth


You had 3 spell levels left.
You didn't know any spells.
Your spell library was empty.

Dungeon Overview and Level Annotations

Branches:
Dungeon (2/15)

Altars:


Innate Abilities, Weirdness & Mutations

You are resistant to torment.
Your stone body is resilient. (AC +3)
You are immune to poison.
You resist negative energy. (rN+)
You are resistant to electric shocks. (rElec)
You can survive without breathing.
You are immune to petrification.
You are immune to rotting.


Message History

The bat is severely wounded.
The bat misses you.
The gnoll hits you from afar with a +0 halberd.
You are too injured to fight recklessly!
You are too injured to fight recklessly!
You are too injured to fight recklessly!
You are too injured to fight recklessly!
You hit the kobold.
You kill the kobold!
The bat closely misses you. The bat hits you but does no damage.
You closely miss the bat. The bat hits you but does no damage.
The bat barely misses you.
The gnoll hits you from afar with a +0 halberd.
You miss the bat. The bat hits you but does no damage.
The bat closely misses you. x2
You miss the bat.
The bat is severely wounded.
The bat misses you. The bat barely misses you.
The gnoll hits you from afar with a +0 halberd!
You die...

##########.....# ...
#..............# ...
#.########.....### . ##.
#.# #.......#####.. #.#
#...#..........
#.########.######.....≈≈
........##...#..#.g...
#.#.###.##...#..#)b#
..#.# #.###.....@)b# #.
###.# #.# #....##### #.
#.# #.# #.....' ... #.#
#.# #..#..#.. ... ..#
#.##...#..# ... ## ###
#.#..###### .. #.#.# .
#.#. #######.#


You could see a gnoll and 2 bats.

Vanquished Creatures
  5 gnolls (D:2)
  An adder (D:2)
  3 leopard geckos
  2 giant cockroaches
  7 goblins
  7 hobgoblins
  2 quokkas (D:2)
  A ball python (D:1)
  3 bats (D:1)
  3 frilled lizards
  5 kobolds
  4 rats
43 creatures vanquished.

Notes
Turn   | Place    | Note
-------+----------+-------------------------------------------
     0 | D:1      | Borgoz the Gargoyle Gladiator began the quest for the Orb.
     0 | D:1      | Reached XP level 1. HP: 12/12 MP: 1/1
   104 | D:1      | Reached XP level 2. HP: 13/18 MP: 2/2
   516 | D:1      | Reached XP level 3. HP: 20/22 MP: 3/3
  1019 | D:2      | Reached skill level 1 in Stealth
  1030 | D:2      | Reached skill level 1 in Armour
  1030 | D:2      | Reached XP level 4. HP: 14/27 MP: 4/4
  1414 | D:2      | Slain by a gnoll

Skill      XL: |  1  2  3  4 |
---------------+-------------+-----
Short Blades   | 3 |  3.5
Stealth        | 1 |  1.5
Armour         | 1 |  1.3
Dodging        | 3 |  3.0
Fighting       | |  2.8
Throwing       | |  1.7

Action                   |  1- 3 |  4- 6 || total
-------------------------+-------+-------++-------
Melee: Rapier            |   114 |     4 ||   118
       Dagger            |       |    63 ||    63
  Use: Potion            |     1 |       ||     1
 Stab: Sleeping          |     1 |       ||     1
  Eat: Chunk             |       |     1 ||     1
Armor: Leather armour    |    50 |    26 ||    76
Dodge: Dodged            |    90 |    51 ||   141
